 Dungeon Crawl Stone Soup version 0.29-a0-414-g5075937ec3 (webtiles) character file.

Game seed: 16180109883406396344

662 ytrimaz the Insei (level 7, -8/46 HPs)
             Began as an Octopode Transmuter on May 15, 2022.
             Was an Initiate of Ashenzari.
             Mangled by Pikel
             ... wielding a +1 whip of electrocution
              (19 damage)
             ... on level 4 of the Dungeon.
             The game lasted 00:06:33 (4624 turns).

ytrimaz the Insei (Octopode Transmuter)             Turns: 4624, Time: 00:06:33

Health: -8/46      AC:  6    Str:  9    XL:     7   Next: 56%
Magic:  6/11       EV: 19    Int: 18    God:    Ashenzari [......]
Gold:   131        SH:  5    Dex: 17    Spells: 4/12 levels left

rFire   . . .      SeeInvis .     - Unarmed
rCold   . . .      Faith    .   (shield currently unavailable)
rNeg    . . .      Spirit   .   (helmet currently unavailable)
rPois   x          Reflect  +   i - amulet of reflection
rElec   .          Harm     .   f - +4 ring of protection
rCorr   .          Rampage  .   (no ring)
Will    .....                   (no ring)
Stlth   ++........              (no ring)
HPRegen 0.15/turn               (no ring)
MPRegen 0.12/turn               (no ring)
                                (no ring)
                                (no ring)

@: spider-form
A: venomous fangs, almost no armour, (amphibious), 8 rings, tiny, (camouflage
1), (gelatinous body 1), (nimble swimmer 1), (tentacles)
a: End Transformation, Renounce Religion


You were on level 4 of the Dungeon.
You worshipped Ashenzari.
Ashenzari was noncommittal.
You were a venomous arachnid creature.
You visited 1 branch of the dungeon, and saw 4 of its levels.

You collected 131 gold pieces.

Inventory:

Missiles
 b - a throwing net
Jewellery
 f - a +4 ring of protection (left front leg)
 i - an amulet of reflection (around neck)
Wands
 a - a wand of flame (24)
Scrolls
 h - a scroll of fear
 j - a scroll of fog {unknown}
 k - a scroll of torment {unknown}
 l - 2 scrolls of magic mapping {unknown}
 m - a scroll of enchant armour {unknown}
Potions
 c - a potion of flight {unknown}
 d - a potion of curing {unknown}
 e - a potion of attraction {unknown}


   Skills:
 * Level 3.2 Fighting
 - Level 2.0 Dodging
 + Level 6.6 Unarmed Combat
 + Level 3.2 Spellcasting
 * Level 2.7 Transmutations
 * Level 2.7 Poison Magic


You had 4 spell levels left.
You knew the following spells:

 Your Spells              Type           Power      Damage    Failure   Level
a - Beastly Appendage     Tmut           24%        N/A       16%         1
b - Spider Form           Tmut/Pois      12%        N/A       34%         3
c - Ice Form              Ice/Tmut       7%         N/A       83%         4

Your spell library contained the following spells:

 Spells                   Type           Power      Damage    Failure   Level
 Wereblood                Tmut           12%        N/A       21%         2
 Magic Dart               Conj           8%         1d3       34%         1
 Ignite Poison            Fire/Tmut/Pois 9%         N/A       43%         3
 Call Imp                 Summ           2%         N/A       45%         2
 Mephitic Cloud           Conj/Pois/Air  6%         N/A       54%         3
 Conjure Flame            Conj/Fire      2%         6-21      65%         3
 Portal Projectile        Hex/Tloc       4%         N/A       65%         3
 Sticky Flame             Conj/Fire      2%         2d3       95%         4
 Blade Hands              Tmut           6%         N/A       93%         5
 Excruciating Wounds      Necr           1%         N/A       100%        5
 Iskenderun's Battlesphe  Conj           2%         2d6       100%        5
 Iron Shot                Conj/Erth      1%         9d1       100%        6
 Spellforged Servitor     Conj/Summ      1%         N/A       100%        7


Dungeon Overview and Level Annotations

Branches:
Dungeon (4/15)
 Temple: D:4-7

Altars:
Ashenzari
Sif Muna
Wu Jian

Annotations:
D:3 exclusion: gnoll, Ijyb
D:4 3 runed translucent doors, exclusion: wight, Pikel; Urgle's ghost, amateur MiFi; deadleaves's ghost, weakling HONe


Innate Abilities, Weirdness & Mutations

You are a venomous arachnid creature.
You have poisonous fangs.
You are tiny and dextrous.
Your spellcasting is less reliable in this form.
Your armour is entirely melded.
You are incapable of wielding weapons or throwing items.
You cannot wear most types of armour.
((You are amphibious.))
You can wear up to eight rings at the same time.
((Your skin changes colour to match your surroundings (Stealth+).))
((Your rubbery body absorbs attacks. (AC +1, EV +1)))
((You are camouflaged when in or above water. (Stealth+)))
((You have tentacles for arms and can constrict up to eight enemies at once.))


Message History

Pikel is moderately wounded.
You constrict Pikel, but do no damage. Pikel barely misses you.
You tentacle-slap Pikel but do no damage.
Your squeeze misses Pikel.
Pikel is moderately wounded.
You constrict Pikel, but do no damage. You block Pikel's attack.
Unknown command.
Casting: Spider Form (dangerous; 16% risk of failure)
Confirm with . or Enter, or press ? or * to list all spells.
You turn into a venomous arachnid creature.
You lose your grip on Pikel.
You block Pikel's attack.
You hit Pikel.
Pikel is poisoned.
Pikel is moderately wounded.
Pikel hits you with a +1 whip of electrocution!
* * * LOW HITPOINT WARNING * * *
You bite Pikel!
Pikel looks as sick as possible!
Pikel is heavily wounded.
Pikel drinks a potion.
Pikel is healed!
You hit Pikel.
Pikel is lightly wounded.
Unknown command.
You hit Pikel but do no damage.
Pikel looks as sick as possible!
Pikel is lightly wounded.
Pikel closely misses you. Pikel attacks as you move away!
Pikel closely misses you.
Your magical contamination has completely faded away.
You kill the lemure!
That felt strangely unrewarding.
You barely miss Pikel.
Pikel is heavily wounded.
Pikel misses you.
Unknown command.
You bite Pikel!
Pikel looks as sick as possible!
Pikel is severely wounded.
Pikel misses you. Pikel attacks as you move away!
Pikel hits you with a +1 whip of electrocution.
* * * LOW HITPOINT WARNING * * *
You are electrocuted!!
You die...

....#).....#..#.# #.#.#.#...♣
..).#P.....+..#.# #.#.#.#...♣♣.
....#⌠.....+....####.#.#........
....#P.....+.....).......#
....#|....W#..#####....###
.#####8...W#.....##...##
#.#..##$P⌠P#.###.##.###
##.#.##### #.# #.##.#
#.....######.# #s##.##########
..#..........# #.K5...........
#.....######.# ####....######.
##.#.## #.# #.##.#### #.#.# #.#
#.......# #.#.# #.# #.##.####
..#.# #.# #.##.# # #.# #.#
#.##.# #. #.# #.##.#


You could see Pikel (extremely poisoned) and a lemure.

Vanquished Creatures
  Sigmund (D:3)
  Menkaure (D:4)
  3 lemures (D:4)
  3 wights (D:4)
  Terence (D:2)
  8 adders
  6 gnolls (D:3)
  A worm (D:3)
  2 dart slugs
  An orc (D:4)
  6 endoplasms
  6 giant cockroaches
  6 hobgoblins
  7 jackals (D:3)
  6 kobolds
  A quokka (D:1)
  11 ball pythons
  2 bats (D:1)
  3 frilled lizards
  6 goblins
  6 rats
87 creatures vanquished.

Vanquished Creatures (others)
  A withered plant (D:4)
1 creature vanquished.

Grand Total: 88 creatures vanquished

Notes
Turn   | Place    | Note
-------+----------+-------------------------------------------
     0 | D:1      | ytrimaz the Octopode Transmuter began the quest for the
                  | Orb.
     0 | D:1      | Reached XP level 1. HP: 13/13 MP: 3/3
     0 | D:1      | Noticed a large abomination
     0 | D:1      | Noticed an iron dragon
     1 | D:1      | Noticed a large abomination
     1 | D:1      | Noticed an orb of fire
     4 | D:1      | Noticed a shadow dragon
     8 | D:1      | Noticed a large abomination
     9 | D:1      | Noticed an ice dragon
    10 | D:1      | Noticed an iron dragon
    12 | D:1      | Noticed a shadow dragon
    12 | D:1      | Noticed a shadow dragon
    14 | D:1      | Noticed an ice dragon
    16 | D:1      | Noticed an iron dragon
    20 | D:1      | Noticed a tentacled monstrosity
    20 | D:1      | Noticed a large abomination
    58 | D:1      | Noticed an iron dragon
   739 | D:1      | Reached XP level 2. HP: 18/18 MP: 3/5
  1355 | D:2      | Reached skill level 4 in Unarmed Combat
  1355 | D:2      | Reached XP level 3. HP: 21/23 MP: 4/6
  1862 | D:2      | Reached XP level 4. HP: 24/29 MP: 7/7
  1949 | D:2      | Noticed Terence
  1960 | D:2      | Killed Terence
  2152 | D:2      | Learned a level 3 spell: Spider Form
  2243 | D:2      | Reached skill level 5 in Unarmed Combat
  2243 | D:2      | Reached XP level 5. HP: 34/34 MP: 5/8
  2467 | D:3      | Found a faded altar of an unknown god.
  2471 | D:3      | Noticed Sigmund
  2490 | D:3      | Killed Sigmund
  2491 | D:3      | Reached skill level 1 in Poison Magic
  2491 | D:3      | Reached XP level 6. HP: 41/41 MP: 3/10
  3348 | D:3      | Found a broken altar of Ashenzari.
  3348 | D:3      | Noticed Ijyb
  3541 | D:3      | Reached skill level 6 in Unarmed Combat
  3742 | D:3      | Became a worshipper of Ashenzari the Shackled
  3787 | D:4      | Learned a level 4 spell: Ice Form
  4096 | D:4      | Reached XP level 7. HP: 44/45 MP: 3/11
  4231 | D:4      | Found a shimmering blue altar of Sif Muna.
  4234 | D:4      | Noticed Menkaure
  4244 | D:4      | Killed Menkaure
  4481 | D:4      | Found a runed translucent gate.
  4481 | D:4      | Found a runed translucent gate.
  4482 | D:4      | Found a runed translucent gate.
  4483 | D:4      | Noticed Urgle's ghost (amateur MiFi)
  4484 | D:4      | Noticed deadleaves's ghost (weakling HONe)
  4500 | D:4      | Found an ornate altar of the Wu Jian Council.
  4591 | D:4      | Noticed Pikel
  4624 | D:4      | Mangled by Pikel

Illustrated notes

Levels and vault maps discovered:
D:1:      shiori_arrival_whats_in_store_for_you, layout_basic
D:2:      layout_rooms, minmay_snake_closets, uniq_terence
D:3:      layout_rooms, mainiacjoe_overflow_paths,
          shapermc_ecumenical_altar_venn, uniq_ijyb, uniq_sigmund
D:4:      layout_loops_ring, fedhas_altar_decomposition,
          mainiacjoe_overflow_boulevard, nicolae_wu_jian_wuxing_cycle,
          mainiacjoe_overflow_tiny_flanked, minmay_temple_entry_junction,
          gammafunk_ghost_cemetery, uniq_pikel, uniq_menkaure

Skill      XL: |  1  2  3  4  5  6  7 |
---------------+----------------------+-----
Unarmed Combat | 4 5 6 |  6.6
Fighting       | 2 3 |  3.2
Poison Magic   | 1 2 |  2.7
Spellcasting   | 3 |  3.2
Dodging        | |  2.0
Transmutations | |  2.7

Action                   |  1- 3 |  4- 6 |  7- 9 || total
-------------------------+-------+-------+-------++-------
Melee: Unarmed           |    65 |   106 |    47 ||   218
       Constrict         |    22 |    21 |     4 ||    47
       Kick              |    18 |    13 |     2 ||    33
       Tentacles         |     7 |    15 |     4 ||    26
       Punch             |     2 |     3 |     1 ||     6
 Cast: Beastly Appendage |    21 |    16 |     3 ||    40
       Spider Form       |       |     4 |     3 ||     7
  Use: Scroll            |     7 |     4 |       ||    11
       Potion            |       |     4 |       ||     4
 Stab: Sleeping          |     7 |     5 |     2 ||    14
Armor: Skin              |    10 |    14 |     1 ||    25
Dodge: Dodged            |    49 |    80 |    21 ||   150
Block: Other             |       |    10 |     3 ||    13

Table legend: (Time is in decaauts)
 A = Elapsed time spent in this place.
 B = Non-inter-level travel time spent in this place.
 C = Inter-level travel time spent in this place.
 D = Time resting spent in this place.
 E = Time spent auto-exploring this place.
 F = Levels seen in this place.
 G = Mean time per level.
                   A        B        C        D        E       F      G
               +--------+--------+--------+--------+--------+-----+--------+
         Total |   4625 |   4566 |     59 |    877 |   2751 |   4 | 1156.2 |
       Dungeon |   4625 |   4566 |     59 |    877 |   2751 |   4 | 1156.2 |
               +--------+--------+--------+--------+--------+-----+--------+

Top non-repeatable levels by time:
     D:1: 1314 daAuts
     D:4: 1130 daAuts
     D:2: 1110 daAuts
     D:3: 1069 daAuts
